 Dungeon Crawl Stone Soup version 0.25-a0-737-g26c3a87c45 (webtiles) character file.

Game seed: 8269732314696002516, levelgen mode: deterministic

264 Esekla the Slasher (level 6, -4/47 HPs)
             Began as a Barachi Warper on Apr 12, 2020.
             Was a Follower of Uskayaw.
             Slain by a slave (7 damage)
             ... led by Pikel
             ... on level 3 of the Dungeon.
             The game lasted 00:24:05 (4296 turns).

Esekla the Slasher (Barachi Warper)                 Turns: 4296, Time: 00:24:06

Health: -4/47      AC:  6    Str: 12    XL:     6   Next: 19%
Magic:  2/10       EV: 12    Int: 14    God:    Uskayaw [*.....]
Gold:   180        SH:  0    Dex: 13    Spells: 6/10 levels left

rFire    . . .     SeeInvis .   a - +0 falchion
rCold    . . .     Gourm    .   (no shield)
rNeg     . . .     Faith    .   b - +0 leather armour
rPois    .         Spirit   .   i - +1 helmet
rElec    .         Reflect  .   s - scarf {cloud immunity}
rCorr    .         Harm     .   (no gloves)
MR       .....                  l - +0 pair of boots
Stlth    +.........             (no amulet)
HPRegen  0.15/turn              n - ring of flight
MPRegen  0.12/turn              (no ring)

@: can't hop, very slightly contaminated, slow
A: +LOS, swims, slowness 1, strong legs 1
a: Hop, Stomp, Renounce Religion, Evoke Flight


You were on level 3 of the Dungeon.
You worshipped Uskayaw.
Uskayaw was noncommittal.
You were hungry.

You visited 1 branch of the dungeon, and saw 4 of its levels.
You also visited: Sewer.

You collected 180 gold pieces.

Inventory:

Hand Weapons
 a - a +0 falchion (weapon)
 g - a +0 dagger of holy wrath
 y - a +1 vampiric dagger
Missiles
 c - 3 boomerangs (quivered)
 e - 5 boomerangs of dispersal
Armour
 b - a +0 leather armour (worn)
 i - a +1 helmet (worn)
 l - a +0 pair of boots (worn)
 s - a scarf of cloud immunity (worn)
Jewellery
 n - a ring of flight (left hand)
Scrolls
 d - a scroll of blinking
 h - 3 scrolls of random uselessness {unknown}
 j - 3 scrolls of teleportation
 m - a scroll of enchant armour
 t - a scroll of fog {unknown}
 u - a scroll of magic mapping
 w - a scroll of amnesia {unknown}
 x - a scroll of noise {unknown}
Potions
 k - a potion of mutation
 o - 2 potions of brilliance
 p - a potion of stabbing
 q - a potion of magic {unknown}
 r - a potion of heal wounds {unknown}
 v - a potion of might {unknown}
 A - a potion of flight {unknown}
Comestibles
 f - 3 rations
 z - a chunk of flesh


   Skills:
 + Level 3.0 Fighting
 * Level 6.1 Long Blades
 + Level 1.1 Throwing
 + Level 1.9 Armour
 + Level 2.7 Dodging
 + Level 2.7 Spellcasting
 + Level 1.0 Charms
 + Level 3.7 Translocations


You had 6 spell levels left.
You knew the following spells:

 Your Spells              Type           Power        Failure   Level  Hunger
a - Shroud of Golubria    Chrm/Tloc      #.....       16%         2    ###....
b - Blink                 Tloc           N/A          9%          2    ###....

Your spell library contained the following spells:

 Spells                   Type           Power        Failure   Level  Hunger
 Gell's Gravitas          Tloc           ##........   19%         3    ###....
 Lesser Beckoning         Tloc           ##........   19%         3    ###....
 Teleport Other           Tloc           ##......     19%         3    ###....
 Passage of Golubria      Tloc           N/A          52%         4    #####..


Dungeon Overview and Level Annotations

Branches:
Dungeon (4/15)              Sewer (visited)
 Temple: D:4-7

Altars:
Elyvilon
Fedhas
Trog
Uskayaw
Yredelemnul

Shops:
D:4 =

Annotations:
D:4 Pikel


Innate Abilities, Weirdness & Mutations

You can be seen from farther away. (+LOS)
You can swim through water.
You cover ground slowly.
You can hop short distances.


Message History

Casting: Shroud of Golubria (safe; 16% risk of failure)
Confirm with . or Enter, or press ? or * to list all spells.
You miscast Shroud of Golubria.
The air around you crackles with energy!
Your shroud begins to fray at the edges.
The slave closely misses you. The slave hits you.
Your shroud falls apart!
You closely miss the slave.
The slave is moderately wounded.
The slave hits you!
* * * LOW HITPOINT WARNING * * *
The slave hits you.
* * * LOW HITPOINT WARNING * * *
Hop to where?
Press: ? - help, Dir - move target cursor Boing!
The slave hits you.
* * * LOW HITPOINT WARNING * * *
The slave hits you!
You die...

###_####.########
#8...8##........####
##.....##............
#_....._#........####
##.....###.##########
#8...8# #.#.....#..#
##.....###.#.###.#..#
#_.pp.._##.#.# #.#...
##..@..###.#.###.##..
#8...8# #>#.#.......
###>#####.#.#.#.###.
#######..#)#.#.# #.
#######.......[[).#.#
#.
##......#.########.#.#
#. ##.......#.#
#.....#.# #.
#...'##'.#.# #.#####.#
## #...#≈≈#...# #.#
#.# #.


You could see 2 slaves.

Vanquished Creatures
  An orc priest (D:3)
  7 adders
  3 gnolls (D:3)
  3 river rats (Sewer)
  4 worms
  2 dart slugs (D:1)
  3 leopard geckos
  6 orcs (D:3)
  4 ball pythons
  7 giant cockroaches
  7 hobgoblins
  8 jackals
  9 kobolds
  6 bats
  8 frilled lizards
  8 goblins
  14 rats
100 creatures vanquished.

Notes
Turn   | Place    | Note
-------+----------+-------------------------------------------
     0 | D:1      | Esekla the Barachi Warper began the quest for the Orb.
     0 | D:1      | Reached XP level 1. HP: 17/17 MP: 3/3
   112 | D:1      | Reached XP level 2. HP: 16/23 MP: 5/5
   133 | D:1      | Reached skill level 3 in Long Blades
   197 | D:1      | Learned a level 2 spell: Shroud of Golubria
   200 | D:1      | Learned a level 2 spell: Blink
   677 | D:1      | Reached XP level 3. HP: 27/28 MP: 3/6
  1360 | D:2      | Reached skill level 4 in Long Blades
  1791 | D:2      | Reached XP level 4. HP: 34/34 MP: 7/7
  2219 | D:3      | Reached XP level 5. HP: 31/40 MP: 8/8
  2255 | D:3      | Found a basalt altar of Yredelemnul.
  2258 | D:3      | Found a white marble altar of Elyvilon.
  2283 | D:3      | Found a glowing drain.
  2320 | Sewer    | Entered a sewer
  2327 | Sewer    | Reached skill level 5 in Long Blades
  3227 | D:3      | Reached skill level 1 in Charms
  3235 | D:3      | Reached XP level 6. HP: 20/47 MP: 10/10
  3754 | D:3      | Found a faded altar of an unknown god.
  3766 | D:3      | Became a worshipper of Uskayaw the Reveler
  3766 | D:3      | Reached * piety under Uskayaw
  3913 | D:3      | Reached skill level 6 in Long Blades
  4063 | D:3      | Reached ** piety under Uskayaw
  4248 | D:4      | Found Xemmy's Jewellery Emporium.
  4248 | D:4      | Noticed Pikel
  4248 | D:4      | Noticed a slave
  4248 | D:4      | Noticed a slave
  4248 | D:4      | Noticed a slave
  4248 | D:4      | Noticed a slave
  4257 | D:3      | Found a hide-covered altar of Uskayaw.
  4257 | D:3      | Found a blossoming altar of Fedhas.
  4258 | D:3      | Found a bloodstained altar of Trog.
  4296 | D:3      | Slain by a slave

Levels and vault maps discovered:
D:1:      lightli_arrival_chessboard, layout_basic
D:2:      layout_loops_cross, amethyst_killhole
D:3:      minmay_inner_zag, layout_basic, nicolae_overflow_hidden_temple,
          gup_sewer_entry_bowl, chequers_ecumenical_altar_simple,
          minmay_quadrilaterals
D:4:      layout_rooms, overflow_temple_1_default, serial_shops,
          nicolae_shop_trees, first_ration, uniq_ijyb, uniq_blork_the_orc,
          uniq_pikel, uniq_crazy_yiuf_cottage

Skill      XL: |  1  2  3  4  5  6 |
---------------+-------------------+-----
Long Blades    | 3 4 5 6 |  6.1
Fighting       | 3 |  3.0
Charms         | 1 |  1.0
Throwing       | |  1.1
Armour         | |  1.9
Dodging        | |  2.7
Spellcasting   | |  2.7
Translocations | |  3.7

Action                   |  1- 3 |  4- 6 || total
-------------------------+-------+-------++-------
Melee: Falchion          |   173 |   288 ||   461
Throw: Boomerang         |       |     6 ||     6
 Cast: Shroud of Golubri |     8 |    18 ||    26
       Blink             |       |     1 ||     1
 Abil: Hop               |       |     1 ||     1
  Use: Scroll            |       |     8 ||     8
       Potion            |       |     2 ||     2
 Stab: Sleeping          |       |     1 ||     1
  Eat: Chunk             |     2 |     9 ||    11
       Ration            |     1 |       ||     1
Armor: Leather armour    |    62 |    91 ||   153
Dodge: Dodged            |   116 |   210 ||   326
       Rpst.: Falchion   |    32 |    55 ||    87

Table legend:
 A = Non-vault XP
 B = Vault XP
 C = Vault XP percentage of total XP
 D = Non-vault monster count
 E = Vault monster count
 F = Vault count percentage of total count
                 A         B        C        D         E       F
            +---------+---------+-------+---------+---------+-------
      Total |     260 |     118 |  31.2 |      70 |      30 |  30.0
            +---------+---------+-------+---------+---------+-------
        D:1 |      51 |       0 |   0.0 |      30 |       0 |   0.0
        D:2 |      46 |       0 |   0.0 |      14 |       0 |   0.0
        D:3 |     163 |      42 |  20.5 |      26 |      16 |  38.1
      Sewer |       0 |      76 | 100.0 |       0 |      14 | 100.0
            +---------+---------+-------+---------+---------+-------
